 Dungeon Crawl Stone Soup version 0.19.3-1-g3169bf9 (webtiles) character file.

71 dngmouse the Skirmisher (level 4, 0/38 HPs)
             Began as a Draconian Wizard on Jan 25, 2017.
             Succumbed to an adder's poison
             ... on level 2 of the Dungeon.
             The game lasted 00:05:19 (1421 turns).

dngmouse the Skirmisher (Draconian Wizard)          Turns: 1421, Time: 00:05:20

Health: 0/38       AC:  5    Str: 10    XL:     4   Next: 5%
Magic:  5/8        EV: 12    Int: 18    God:
Gold:   19         SH:  0    Dex: 10    Spells: 1 memorised, 8 levels left

rFire  . . .     SeeInvis .     g - +0 dagger
rCold  . . .     Gourm    .     (armour unavailable)
rNeg   . . .     Faith    .     (no shield)
rPois  .         Spirit   .     a - +0 hat
rElec  .         Reflect  .     (no cloak)
rCorr  .         Harm     .     (no gloves)
MR     .....                    (no boots)
Stlth  ++........               (no amulet)
                                (no ring)
                                (no ring)

@: lethally poisoned (0 -> -1), very slightly contaminated, hasted, very quick
A: unfitting armour, cold-blooded, AC +5
a: no special abilities


You were on level 2 of the Dungeon.
You were completely stuffed.

You visited 1 branch of the dungeon, and saw 2 of its levels.

You collected 19 gold pieces.

Inventory:

Hand Weapons
 g - a +0 dagger (weapon)
Missiles
 f - 9 poisoned needles
 h - 40 stones (quivered)
Armour
 a - a +0 hat (worn)
Scrolls
 d - a scroll of remove curse {unknown}
 e - a scroll of amnesia {unknown}
 k - a scroll of magic mapping {unknown}
 l - a scroll of blinking {unknown}
 m - a scroll of identify {unknown}
Books
 b - a book of Minor Magic

   Spells                             Type                      Level
   a - Magic Dart                     Conjuration                  1
   b - Blink                          Translocation                2
   c - Call Imp                       Summoning                    2
   d - Repel Missiles                 Charms/Air                   2
   e - Slow                           Hexes                        2
   f - Conjure Flame                  Conjuration/Fire             3
   g - Mephitic Cloud                 Conjuration/Poison/Air       3


   Skills:
 + Level 3.4 Fighting
 - Level 1.7 Dodging
 - Level 1.7 Stealth
 - Level 3.0 Spellcasting
 - Level 2.0 Conjurations
   Level 1.0 Summonings
   Level 1.0 Translocations


You had 8 spell levels left.
You knew the following spells:

 Your Spells              Type           Power        Failure   Level  Hunger
a - Magic Dart            Conj           ##..         10%         1    None


Dungeon Overview and Level Annotations

Branches:
Dungeon (2/15)

Altars:


Innate Abilities, Weirdness & Mutations

Your plain brown scales are hard. (AC +5)
You cannot fit into any form of body armour.
You are cold-blooded and may be slowed by cold attacks.


Message History

You continue eating. x2
* * * LOW HITPOINT WARNING * * *
You feel sick.
You finish eating.
That bread ration really hit the spot!
You hit the rat.
You kill the rat!
You see here a rat corpse.
You butcher the rat corpse.
You see here a chunk of flesh.
You start eating the bread ration.
You continue eating. x2
* * * LOW HITPOINT WARNING * * *
You feel sick.
You finish eating.
That bread ration really hit the spot!
There is a stone staircase leading down here.
You see here a chunk of flesh.
You see here a throwing net.
* * * LOW HITPOINT WARNING * * *
You feel sick.
You die...

########## #..@##... #.
###..(##.##
#.###......>%.###
##...........#...#
..............#.#
####.##...........#..
...
.....##.......#.##.##.#
#.# #..........#.# ## #
#.# #####........#.#


There were no monsters in sight!

Vanquished Creatures
  2 adders
  An ooze (D:1)
  A dart slug (D:1)
  4 leopard geckos
  4 giant cockroaches
  5 goblins (D:1)
  A hobgoblin (D:1)
  10 jackals (D:1)
  3 bats (D:1)
  2 frilled lizards (D:1)
  2 kobolds (D:1)
  5 rats
40 creatures vanquished.

Notes
Turn   | Place    | Note
-------+----------+-------------------------------------------
     0 | D:1      | dngmouse the Draconian Wizard began the quest for the Orb.
     0 | D:1      | Reached XP level 1. HP: 14/14 MP: 4/4
   273 | D:1      | Reached XP level 2. HP: 22/22 MP: 3/6
   487 | D:1      | Reached skill level 1 in Fighting
   907 | D:1      | Reached XP level 3. HP: 29/29 MP: 0/7
  1387 | D:2      | Reached XP level 4. HP: 6/38 MP: 4/8
  1409 | D:2      | HP: 1/38 [poisoned by an adder]
  1415 | D:2      | HP: 1/38 [poisoned by an adder]
  1421 | D:2      | Succumbed to an adder's poison

Skill      XL: |  1  2  3 |
---------------+----------+-----
Conjurations   | 2 |  2.0
Fighting       | 2 3 |  3.4
Dodging        | |  1.7
Stealth        | |  1.7
Spellcasting   | |  3.0
Summonings     | |  1.0
Translocations | |  1.0

Action                   |  1- 3 |  4- 6 || total
-------------------------+-------+-------++-------
Melee: Unarmed           |    15 |       ||    15
       Tailslap          |    15 |       ||    15
       Dagger            |   172 |     4 ||   176
 Cast: Magic Dart        |    29 |     2 ||    31
  Use: Potion            |       |     1 ||     1
 Stab: Sleeping          |     2 |       ||     2
  Eat: Chunk             |     2 |       ||     2
       Bread ration      |       |     2 ||     2
Armor: Skin              |    86 |     1 ||    87
Dodge: Dodged            |   140 |     2 ||   142
